Map: [ESL] NeoHumanity

Players

SpeCial

  • Race: Terran Terran

Serral - Winner!

  • Race: Zerg Zerg

Event: IEM Katowice 2023

VOD

Have the link to the VOD?

Description

Time

  • Played on: Feb. 9, 2023, 9:34 a.m.
  • Length: 11:34

All games in this series

Show
View Real Time Build Order
Export as new Build Order

SpeCial Terran 

Build Orders: Liberator Opening 

Get SALT Encoding   

  12  0:00  SCV  
  13  0:12  SCV  
  14  0:18  Supply Depot  
  14  0:24  SCV  
  15  0:39  SCV  
  15  0:41  Barracks  
  16  0:44  Refinery  
  16  0:51  SCV  
  16  0:53  Refinery  
  17  1:04  SCV  
  18  1:16  SCV  
  19  1:28  Orbital Command, Reaper  
  19  1:29  Supply Depot  
  20  1:43  Factory  
  20  1:54  SCV  
  21  2:00  Reaper  
  22  2:06  SCV  
  23  2:18  SCV  
  24  2:25  Command Center  
  24  2:32  Hellion  
  24  2:34  Reaper  
  24  2:36  SCV  
  28  2:43  Starport  
  28  2:48  SCV  
  29  2:53  Supply Depot  
  29  2:57  Hellion  
  31  3:08  Barracks Reactor  
  31  3:15  SCV  
  31  3:19  Hellion  
  32  3:21  Liberator  
  35  3:27  SCV  
  36  3:37  Orbital Command  
  36  3:39  SCV  
  37  3:45  Fusion Core  
  37  3:51  Hellion x2  
  37  3:53  Marine, SCV  
  43  4:03  SCV  
  43  4:05  Starport Tech Lab, SCV  
  45  4:12  Hellion  
  45  4:13  Supply Depot, Hellion  
  45  4:15  SCV  
  50  4:17  SCV  
  51  4:27  SCV  
  51  4:29  SCV  
  53  4:39  SCV  
  53  4:41  SCV  
  59  4:46  Battlecruiser  
  59  4:48  Supply Depot  
  59  4:51  SCV  
  62  4:58  SCV  
  61  5:04  SCV  
  62  5:10  Hellion x2  
  62  5:11  SCV  
  62  5:12  Command Center  
  67  5:16  SCV  
  68  5:23  SCV  
  68  5:28  Weapon Refit, SCV  
  67  5:29  Refinery x2  
  67  5:31  Hellion  
  69  5:37  SCV  
  69  5:40  Starport  
  70  5:47  Marine, SCV  
  70  5:48  Hellion  
  70  5:49  SCV  
  75  5:53  Hellion  
  77  6:00  SCV  
  78  6:17  SCV x2, Supply Depot, Hellion x2  
  84  6:19  Starport Tech Lab  
  90  6:29  SCV x2  
  90  6:32  Starport  
  92  6:39  Hellion x2  
  95  6:41  SCV x2, Supply Depot  
  93  6:53  SCV x2  
  95  7:00  Hellion x2  
  99  7:05  Orbital Command  
  99  7:06  SCV x2  
  99  7:15  Starport Tech Lab, Battlecruiser  
  101  7:22  SCV, Hellion x2  
  103  7:26  SCV  
  94  7:30  SCV  
  94  7:34  Battlecruiser, SCV  
  98  7:38  SCV  
  98  7:42  SCV  
  98  7:43  Refinery  
  82  7:46  SCV  
  82  7:47  Engineering Bay, Hellion x2  
  82  7:50  SCV  
  82  7:53  Refinery  
  82  7:54  SCV  
  82  7:58  SCV, Starport  
  84  8:03  SCV  
  85  8:06  SCV, Supply Depot  
  85  8:08  Hellion x2  
  85  8:10  SCV  
  91  8:15  SCV  
  91  8:19  SCV  
  93  8:22  Battlecruiser, SCV  
  101  8:27  SCV  
  101  8:30  Hellion x2  
  101  8:31  SCV  
  106  8:34  SCV  
  106  8:35  Starport Tech Lab  
  106  8:38  Battlecruiser  
  106  8:39  SCV  
  112  8:43  SCV  
  112  8:47  SCV  
  108  8:48  Missile Turret  
  108  8:50  Command Center  
  108  8:51  Hellion x2, SCV, Armory  
  108  8:53  Armory  
  108  8:54  Missile Turret  
  108  8:55  SCV  
  114  8:56  Missile Turret  
  114  9:00  Battlecruiser  
  120  9:08  SCV x2  
  122  9:12  Hellion  
  122  9:13  Missile Turret  
  124  9:17  Hellion  
  122  9:26  Battlecruiser  
  122  9:27  SCV  
  125  9:33  SCV x2  
  125  9:37  Unknown  
  131  9:38  Missile Turret x2  
  131  9:39  SCV  
  131  9:42  Widow Mine x2  
  132  9:45  SCV  
  132  9:47  Missile Turret  
  133  10:01  SCV x3, Missile Turret, Raven  
  133  10:05  Widow Mine x2  
  142  10:08  Battlecruiser  
  148  10:15  Missile Turret  
  148  10:19  Planetary Fortress  
  148  10:21  SCV x3, Supply Depot  
  151  10:22  Supply Depot  
  151  10:23  Missile Turret  
  151  10:24  Missile Turret  
  151  10:27  Widow Mine  
  151  10:28  Widow Mine  
  154  10:35  SCV  
  150  10:42  SCV  
  147  10:49  SCV, Widow Mine x2  
  144  10:52  SCV  
  131  10:58  SCV  
  131  11:01  SCV  
  131  11:04  SCV  
  131  11:08  Supply Depot  
  131  11:10  SCV, Hellion x2  
  131  11:11  Missile Turret  
  137  11:12  Missile Turret  
  137  11:13  SCV  
  137  11:16  SCV  
  132  11:28  Missile Turret  
Show
View Real Time Build Order
Export as new Build Order

Serral Zerg - Winner!

Build Orders: Pool First 

Get SALT Encoding   

  12  0:00  Drone  
  13  0:12  Overlord  
  13  0:16  Drone  
  14  0:30  Drone x2  
  14  0:34  Drone  
  17  0:44  Extractor, Drone  
  17  0:49  Spawning Pool  
  16  0:55  Drone  
  17  1:06  Drone  
  18  1:17  Hatchery  
  17  1:20  Drone  
  18  1:36  Queen, Zergling x2  
  18  1:38  Zergling x2  
  22  1:49  Metabolic Boost  
  22  1:53  Overlord  
  22  2:11  Queen  
  22  2:14  Drone x2  
  25  2:25  Zergling x2  
  26  2:32  Queen  
  27  2:38  Zergling x2  
  27  2:43  Zergling x2  
  27  2:44  Drone x2  
  31  2:45  Overlord  
  31  2:47  Zergling x2  
  31  2:50  Drone  
  33  2:55  Drone  
  33  2:57  Queen  
  36  3:04  Drone  
  37  3:08  Overlord  
  37  3:13  Drone  
  37  3:16  Drone x3  
  37  3:18  Drone  
  41  3:20  Drone  
  41  3:24  Drone  
  43  3:35  Hatchery  
  43  3:38  Drone x2  
  44  3:43  Overlord  
  44  3:44  Drone  
  44  3:45  Drone  
  44  3:47  Drone  
  47  3:55  Drone x4  
  51  4:00  Overlord  
  51  4:02  Overlord  
  51  4:08  Queen  
  53  4:10  Queen  
  55  4:17  Roach Warren  
  55  4:19  Overlord  
  55  4:22  Zergling x4  
  54  4:28  Spore Crawler  
  54  4:30  Zergling x2  
  53  4:33  Drone  
  53  4:35  Drone  
  55  4:38  Drone  
  55  4:43  Drone  
  55  4:44  Drone  
  58  4:50  Overlord  
  59  4:55  Drone x2  
  59  4:58  Drone x2  
  59  4:59  Extractor, Drone x3  
  62  5:02  Drone  
  64  5:09  Roach x2  
  64  5:13  Lair  
  68  5:15  Extractor  
  68  5:19  Spore Crawler  
  64  5:21  Roach x2  
  64  5:23  Drone x2  
  64  5:25  Drone  
  64  5:28  Drone x2  
  70  5:30  Drone x2  
  70  5:32  Drone x2  
  70  5:35  Drone  
  76  5:42  Spore Crawler  
  74  5:44  Drone, Spore Crawler  
  74  5:45  Drone x3  
  74  5:48  Roach  
  74  5:49  Roach  
  81  5:55  Spore Crawler  
  81  5:56  Queen  
  82  6:00  Queen  
  82  6:01  Spore Crawler  
  82  6:02  Drone  
  81  6:04  Drone  
  81  6:05  Drone  
  81  6:09  Drone x3  
  87  6:11  Drone  
  87  6:12  Overseer  
  87  6:14  Drone  
  87  6:15  Drone  
  89  6:25  Extractor x2  
  87  6:26  Evolution Chamber  
  87  6:28  Overlord x3  
  87  6:29  Queen  
  89  6:33  Roach  
  88  6:40  Overlord  
  88  6:42  Drone  
  88  6:43  Overlord  
  89  6:47  Spire  
  89  6:51  Drone x7  
  92  6:58  Drone  
  92  6:59  Drone x2  
  88  7:01  Drone  
  88  7:05  Drone  
  85  7:13  Drone  
  85  7:14  Drone x3  
  90  7:15  Drone  
  90  7:17  Drone  
  90  7:19  Drone x2  
  91  7:24  Drone x3  
  91  7:26  Drone  
  93  7:32  Extractor  
  93  7:33  Extractor  
  93  7:35  Drone x4  
  93  7:38  Drone  
  93  7:39  Drone  
  93  7:40  Drone  
  94  7:49  Overlord  
  94  7:53  Glial Reconstitution  
  94  7:59  Drone x2, Zergling x4  
  94  8:00  Zergling x4  
  100  8:07  Hatchery  
  100  8:10  Corruptor x2  
  103  8:16  Corruptor x2  
  107  8:24  Corruptor x2  
  111  8:28  Overlord  
  111  8:32  Corruptor x2  
  115  8:36  Unknown  
  114  8:44  Corruptor x3  
  116  8:48  Drone  
  116  8:50  Drone x4  
  116  8:53  Corruptor  
  123  9:00  Drone, Corruptor x2  
  128  9:04  Drone  
  128  9:06  Overlord x2  
  129  9:15  Drone  
  129  9:16  Drone x2  
  129  9:17  Drone x2  
  129  9:23  Roach x6  
  140  9:27  Drone x3  
  140  9:30  Corruptor  
  140  9:31  Roach  
  144  9:33  Zerg Flyer Weapons Level 1  
  144  9:36  Corruptor  
  146  9:40  Corruptor  
  148  9:47  Ravager x4  
  148  9:52  Corruptor  
  151  9:54  Zergling x14  
  151  9:56  Overlord x2  
  160  10:00  Overlord  
  160  10:04  Overlord x2  
  160  10:10  Overlord  
  160  10:15  Ravager x4  
  160  10:17  Roach x6  
  176  10:23  Corruptor x2  
  176  10:25  Drone  
  181  10:31  Corruptor x3  
  179  10:41  Corruptor x2  
  164  10:56  Corruptor x3  
  154  11:01  Roach x5, Zergling x14  
  174  11:09  Hatchery  

Tags
 
Add a new tag
Caveats
  • Supply blocks, unpowered buildings, or Contaminate may cause inaccurate times.
  • Supply counts are checked every 10 seconds.